 Dungeon Crawl Stone Soup version 0.21.1-1-g345015f (webtiles) character file.

8085 RudyRod the Grappler (level 11, -2/91 HPs)
             Began as a Ghoul Monk on May 17, 2018.
             Was a High Priest of Okawaru.
             Shot with an arrow by a centaur (9 damage)
             ... on level 10 of the Dungeon.
             The game lasted 00:39:00 (9371 turns).

RudyRod the Grappler (Ghoul Monk)                   Turns: 9371, Time: 00:39:01

Health: -2/91      AC: 14    Str: 24    XL:     11   Next: 25%
Magic:  10/10      EV: 10    Int:  5    God:    Okawaru [*****.]
Gold:   634        SH:  7    Dex: 11    Spells: 10/10 levels left

rFire    . . .     SeeInvis .     - Unarmed
rCold    + . .     Gourm    .   f - +2 buckler
rNeg     + + +     Faith    .   n - +2 chain mail {MR+}
rPois    ∞         Spirit   .   y - +0 helmet
rElec    .         Reflect  .   (no cloak)
rCorr    .         Harm     .   (no gloves)
MR       ++...                  z - +0 pair of boots
Stlth    ..........             (no amulet)
HPRegen  0.00/turn              m - +4 ring of slaying
MPRegen  0.12/turn              A - ring of protection from magic

@: mighty, rotting
A: rotting body, claws 1, carnivore, cold resistance 1, negative energy
resistance 3, inhibited regeneration, torment resistance, unbreathing
a: Heroism, Finesse, Renounce Religion


You were on level 10 of the Dungeon.
You worshipped Okawaru.
Okawaru was extremely pleased with you.
You were not hungry.

You visited 2 branches of the dungeon, and saw 11 of its levels.
You also visited: Bailey.

You collected 913 gold pieces.
You spent 279 gold pieces at shops.

Inventory:

Hand Weapons
 r - a cursed -2 whip
 I - the +8 hunting sling of Undoing {flame, +Inv rElec Str+8 Dex-5}
   (Okawaru gifted it to you on level 10 of the Dungeon)

   It causes projectiles fired from it to burn those they strike, causing extra
   injury to most foes and up to half again as much damage against particularly
   susceptible opponents.
   It affects your strength (+8).
   It affects your dexterity (-5).
   It insulates you from electricity.
   It lets you turn invisible.
Missiles
 F - 13 tomahawks of returning
 J - 4 silver javelins (quivered)
Armour
 a - a +1 robe
 f - a +2 buckler (worn)
 n - a +2 chain mail of magic resistance (worn)
 s - a +2 chain mail of fire resistance
 y - a +0 helmet (worn)
 z - a +0 pair of boots (worn)
Jewellery
 m - a +4 ring of slaying (left claw)
 A - a ring of protection from magic (right claw)
 G - an uncursed ring of ice
Wands
 q - a wand of random effects (20)
 t - a wand of disintegration (8)
 w - a wand of acid (2)
 D - a wand of iceblast (17)
Scrolls
 c - 4 scrolls of remove curse
 e - 5 scrolls of identify
 g - a scroll of teleportation
 h - a scroll of enchant armour
 j - 2 scrolls of fear
 v - a scroll of magic mapping
 B - a scroll of summoning {unknown}
 C - 2 scrolls of enchant weapon {unknown}
Potions
 d - a potion of ambrosia
 i - a potion of magic
 k - a potion of cancellation
 o - a potion of resistance
 p - 3 potions of curing
 u - a potion of might
 E - a potion of heal wounds {unknown}
 H - 2 potions of brilliance {unknown}
Books
 l - a book of the Dragon

   Spells                             Type                      Level
   a - Flame Tongue                   Conjuration/Fire             1
   b - Cause Fear                     Hexes                        4
   c - Bolt of Fire                   Conjuration/Fire             6
   d - Dragon Form                    Transmutation                7
   e - Dragon's Call                  Summoning                    9
 x - a book of Maledictions

   Spells                             Type                      Level
   a - Corona                         Hexes                        1
   b - Ensorcelled Hibernation        Hexes/Ice                    2
   c - Confuse                        Hexes                        3
   d - Tukima's Dance                 Hexes                        3
   e - Dazzling Spray                 Conjuration/Hexes            3
Comestibles
 b - 15 rations


   Skills:
 * Level 6.4 Fighting
 + Level 2.6 Throwing
 + Level 6.5 Armour
 + Level 4.6 Dodging
 + Level 5.0 Stealth
 + Level 5.4 Shields
 + Level 12.7 Unarmed Combat
 + Level 1.0 Invocations
 + Level 0.5 Evocations


You had 10 spell levels left.
You didn't know any spells.

Dungeon Overview and Level Annotations

Branches:
Dungeon (10/15)            Temple (1/1) D:6             Orc (0/2) D:10
   Lair: D:8-11

Altars:
Ashenzari
Cheibriados
Dithmenos
Elyvilon
Fedhas
Gozag
Hepliaklqana
Kikubaaqudgha
Makhleb
Nemelex Xobeh
Okawaru
Qazlal
Ru
Sif Muna
Trog
Uskayaw
Vehumet
Wu Jian
Xom
Yredelemnul
Zin
The Shining One

Shops:
D:4 ([   D:5 *   D:9 (

Annotations:
D:10 Joseph


Innate Abilities, Weirdness & Mutations

Your body is rotting away.
You thrive on raw meat.
You are immune to poison.
You have sharp fingernails.
You are carnivorous and can eat meat at any time.
Your flesh is cold resistant. (rC+)
You are immune to negative energy. (rN+++)
You do not regenerate when monsters are visible.
You are immune to unholy pain and torment.
You can survive without breathing.


Message History

The death yak is severely wounded.
You scratch the death yak but do no damage.
The death yak is severely wounded.
The death yak gores you!!
* * * LOW HITPOINT WARNING * * *
You feel better.
The death yak gores you but does no damage.
A death yak comes into view.
You mangle the death yak!!
The death yak is almost dead.
The death yak gores you but does no damage.
You mangle the death yak!!
You kill the death yak!
Okawaru is honoured by your kill.
You feel like a meek peon again.
The centaur wields a shortbow.
The centaur shoots an arrow.
You block the arrow.
You see here an arrow.
The centaur shoots an arrow.
The arrow hits you!
You die...

..# #...##.....# #........###Y
..# #...##.##..# #.....(......
..#####...##.##..# #.....(......
.............##..####.....<.###..
.............##.............# #..
.............##.............# #..
.............##...####......# #..
.............##...# #......# #..
........<....##.@.# #......# #..
.............##...# #......###..
................(.# #...........
................Y.# #...........
#...............Y.# #.......Y...
#......)...>.....c# #.......###.
#...............Y.####.......# #.
#........###....Y............# #.
#........# #.....#####c......# #.


You could see 3 death yaks, a yak and a centaur.

Vanquished Creatures
  Josephine (D:10)
  2 death yaks (D:10)
  An ugly thing (D:9)
  A gargoyle (D:8)
  Grinder (D:6)
  2 hippogriffs
  3 wraiths
  A hungry ghost (D:7)
  A water moccasin (D:7)
  5 sky beasts
  2 ice beasts
  6 orc warriors (Bailey)
  2 phantoms
  6 ogres
  3 centaurs
  A big kobold (D:8)
  A bullfrog (D:2)
  A gnoll sergeant (D:7)
  2 scorpions
  7 wights
  A howler monkey (D:6)
  3 crimson imps
  A bullfrog zombie (D:7)
  2 jellies
  2 centaur zombies
  5 hounds
  An orc priest (D:8)
  2 bullfrog skeletons
  6 orc wizards
  Jessica (D:2)
  2 iguanas
  6 worker ants
  A killer bee zombie (D:7)
  A hound zombie (D:10)
  9 gnolls
  7 adders
  A shadow imp (D:8)
  4 oozes
  5 worms
  2 dart slugs (D:1)
  5 leopard geckos
  23 orcs
  4 giant cockroaches
  2 gnoll zombies (D:6)
  16 goblins
  11 hobgoblins
  3 jackals (D:7)
  26 kobolds
  5 quokkas
  7 bats
  2 frilled lizards
  A giant cockroach zombie (D:5)
  A leopard gecko skeleton (D:4)
  4 rats
221 creatures vanquished.

Notes
Turn   | Place    | Note
-------+----------+-------------------------------------------
     0 | D:1      | RudyRod the Ghoul Monk began the quest for the Orb.
     0 | D:1      | Reached XP level 1. HP: 19/19 MP: 0/0
     0 | D:1      | Noticed a tentacled monstrosity
     3 | D:1      | Noticed a white draconian
     3 | D:1      | Noticed a large abomination
     7 | D:1      | Noticed an orb of fire
     8 | D:1      | Noticed a large abomination
    10 | D:1      | Noticed a shadow dragon
    10 | D:1      | Noticed a tentacled monstrosity
    12 | D:1      | Noticed an ice dragon
    13 | D:1      | Noticed an orb of fire
    14 | D:1      | Noticed a tentacled monstrosity
    17 | D:1      | Noticed a green draconian
    17 | D:1      | Noticed a shadow dragon
    19 | D:1      | Noticed an orb of fire
    22 | D:1      | Noticed an iron dragon
    75 | D:1      | Reached XP level 2. HP: 24/26 MP: 1/1
   401 | D:1      | Reached XP level 3. HP: 27/31 MP: 2/2
  1035 | D:2      | Noticed an ogre
  1062 | D:2      | Found a bloodstained altar of Trog.
  1143 | D:2      | Noticed Jessica
  1155 | D:2      | Killed Jessica
  1155 | D:2      | Reached skill level 4 in Unarmed Combat
  1155 | D:2      | Reached XP level 4. HP: 27/40 MP: 3/3
  1439 | D:2      | Noticed a bullfrog
  1442 | D:2      | Killed a bullfrog
  1442 | D:2      | Reached XP level 5. HP: 37/44 MP: 4/4
  1623 | D:2      | Killed an ogre
  1623 | D:2      | Reached skill level 5 in Unarmed Combat
  1623 | D:2      | Reached XP level 6. HP: 25/52 MP: 5/5
  1769 | D:3      | Found a sacrificial altar of Ru.
  1948 | D:3      | Found an ancient bone altar of Kikubaaqudgha.
  2695 | D:4      | Found Umpocupp's Antique Weapon Emporium.
  2726 | D:4      | Found a glowing silver altar of Zin.
  2739 | D:4      | Found a radiant altar of Vehumet.
  2810 | D:4      | Found Nitwab's Armour Boutique.
  3208 | D:4      | Reached skill level 6 in Unarmed Combat
  3337 | D:4      | Reached XP level 7. HP: 48/59 MP: 6/6
  3391 | D:4      | Reached skill level 1 in Armour
  3431 | D:5      | Entered Level 5 of the Dungeon
  3675 | D:5      | Reached skill level 7 in Unarmed Combat
  3861 | D:5      | Found an ornate altar of the Wu Jian Council.
  4128 | D:5      | Found Fany's General Store.
  4222 | D:4      | Bought a +2 chain mail of magic resistance for 279 gold pieces
  4456 | D:6      | Reached XP level 8. HP: 63/67 MP: 7/7
  4600 | D:6      | Noticed Grinder
  4622 | D:6      | Killed Grinder
  4622 | D:6      | Reached skill level 8 in Unarmed Combat
  4671 | D:6      | Found a staircase to the Ecumenical Temple.
  4680 | Temple   | Entered the Ecumenical Temple
  4690 | Temple   | Became a worshipper of Warmaster Okawaru
  4690 | Temple   | Reached * piety under Okawaru
  4690 | Temple   | Reached ** piety under Okawaru
  5078 | D:6      | Reached skill level 5 in Stealth
  5284 | D:6      | Found a basalt altar of Yredelemnul.
  5457 | D:7      | Reached skill level 1 in Shields
  5661 | D:7      | Reached *** piety under Okawaru
  5661 | D:7      | Reached skill level 9 in Unarmed Combat
  5661 | D:7      | Reached XP level 9. HP: 56/72 MP: 8/8
  5837 | D:7      | Found a hide-covered altar of Uskayaw.
  6348 | D:8      | Reached skill level 5 in Fighting
  6413 | D:8      | Reached **** piety under Okawaru
  6413 | D:8      | Reached skill level 10 in Unarmed Combat
  6456 | D:8      | Found a hazy altar of Hepliaklqana.
  6683 | D:8      | Found a shattered altar of Ashenzari.
  6717 | D:8      | Reached skill level 5 in Armour
  6980 | D:8      | Noticed a gargoyle
  6998 | D:8      | Killed a gargoyle
  6998 | D:8      | Reached XP level 10. HP: 21/81 MP: 9/9
  7263 | D:8      | Reached skill level 11 in Unarmed Combat
  7652 | D:9      | Found Xeskizal's Weapon Shop.
  7671 | D:9      | Found a flagged portal.
  7688 | Bailey   | Entered a bailey
  7724 | Bailey   | Reached ***** piety under Okawaru
  7955 | D:9      | Found a stormy altar of Qazlal.
  8052 | D:9      | Noticed a cyan ugly thing
  8059 | D:9      | Killed a cyan ugly thing
  8059 | D:9      | Reached skill level 5 in Shields
  8576 | D:10     | Entered Level 10 of the Dungeon
  8605 | D:10     | Noticed Joseph
  8657 | D:10     | Reached skill level 1 in Throwing
  8714 | D:10     | Found a staircase to the Orcish Mines.
  8809 | D:10     | Noticed Josephine
  8821 | D:10     | Killed Josephine
  8821 | D:10     | Received a gift from Okawaru
  8821 | D:10     | Reached skill level 12 in Unarmed Combat
  8827 | D:10     | Received a gift from Okawaru
  8827 | D:10     | Reached skill level 1 in Invocations
  8827 | D:10     | Reached XP level 11. HP: 50/88 MP: 10/10
  8830 | D:10     | Got a shimmering hunting sling {god gift}
  8836 | D:10     | Identified the +8 hunting sling of Undoing {flame, +Inv rElec Str+8 Dex-5} (Okawaru gifted it to you on level 10 of the Dungeon)
  9147 | D:10     | Noticed a death yak
  9150 | D:10     | Noticed a death yak
  9150 | D:10     | Noticed a death yak
  9322 | D:10     | Noticed a death yak
  9345 | D:10     | Killed a death yak
  9351 | D:10     | HP: 1/86 [death yak (21)]
  9353 | D:10     | Noticed a death yak
  9354 | D:10     | Killed a death yak
  9371 | D:10     | Shot with an arrow by a centaur

Skill      XL: |  1  2  3  4  5  6  7  8  9 10 11 |
---------------+----------------------------------+-----
Dodging        | 3 4 |  4.6
Unarmed Combat | 4 5 6 7 9 10 12 | 12.7
Stealth        | 3 4 5 |  5.0
Fighting       | 4 5 6 |  6.4
Armour         | 2 3 5 6 |  6.5
Shields        | 2 4 5 |  5.4
Throwing       | 2 |  2.6
Invocations    | 1 |  1.0
Evocations     | |  0.5

Action                   |  1- 3 |  4- 6 |  7- 9 | 10-12 || total
-------------------------+-------+-------+-------+-------++-------
Melee: Unarmed           |    63 |   135 |   339 |   165 ||   702
       Punch             |     1 |     3 |     2 |       ||     6
Throw: Tomahawk          |       |       |       |    23 ||    23
Invok: Heroism           |       |       |       |     3 ||     3
       Finesse           |       |       |       |     1 ||     1
Evoke: Wand              |       |       |       |     3 ||     3
  Use: Potion            |       |     5 |     3 |     3 ||    11
       Scroll            |       |     9 |       |     2 ||    11
 Stab: Sleeping          |     6 |     4 |     1 |       ||    11
  Eat: Chunk             |       |    15 |    21 |     9 ||    45
       Ration            |       |     2 |       |     1 ||     3
Armor: Robe              |    13 |    12 |     5 |       ||    30
       Chain mail        |       |       |   120 |    99 ||   219
Dodge: Dodged            |    41 |    78 |    94 |    80 ||   293
Block: Buckler           |       |       |    52 |    55 ||   107
